 Dungeon Crawl Stone Soup version 0.27-a0-1139-g28e009f8a6 (webtiles) character file.

Game seed: 11597799278483484920

1745 robertstho the Grappler (level 8, -9/118 HPs)
             Began as a Troll Berserker on May 7, 2021.
             Was a High Priest of Trog.
             Splashed by Pikel's acid (14 damage)
             ... on level 7 of the Dungeon.
             The game lasted 00:05:57 (4000 turns).

robertstho the Grappler (Troll Berserker)           Turns: 4000, Time: 00:05:58

Health: -9/118     AC: -3    Str: 27    XL:     8   Next: 77%
Magic:  7/7        EV: 15    Int:  4    God:    Trog [*****.]
Gold:   289        SH:  0    Dex: 15    Spells: 7/7 levels left

rFire    . . .     SeeInvis .     - Unarmed
rCold    . . .     Faith    .   (no shield)
rNeg     . . .     Spirit   .   a - +0 animal skin
rPois    .         Reflect  .   (helmet restricted)
rElec    .         Harm     .   x - +0 cloak
rCorr    .         Rampage  .   (gloves unavailable)
Will     .....                  (boots unavailable)
Stlth    ..........             (no amulet)
HPRegen  1.29/turn              k - +4 ring of evasion
MPRegen  0.10/turn              q - +6 ring of dexterity

@: berserking, corroded, very quick
A: large, unfitting armour, claws 3, regeneration 1, shaggy fur 1, tough skin 1
a: Renounce Religion, Berserk, Trog's Hand, Brothers in Arms


You were on level 7 of the Dungeon.
You worshipped Trog.
Trog was extremely pleased with you.
You visited 1 branch of the dungeon, and saw 7 of its levels.
You also visited: Ossuary.

You collected 289 gold pieces.

Inventory:

Missiles
 b - 8 atropa-tipped darts
Armour
 a - a +0 animal skin (worn)
 x - a +0 cloak (worn)
Jewellery
 d - a ring of protection from cold
 k - a +4 ring of evasion (left claw)
 q - a +6 ring of dexterity (right claw)
 y - an amulet of magic regeneration
 H - a +4 ring of evasion
Wands
 t - a wand of iceblast (13)
 u - a wand of paralysis (7)
Scrolls
 c - a scroll of immolation {unknown}
 e - 2 scrolls of fog {unknown}
 f - 12 scrolls of identify {unknown}
 i - 5 scrolls of noise {unknown}
 j - 3 scrolls of teleportation {unknown}
 n - 2 scrolls of vulnerability {unknown}
 r - 3 scrolls of torment {unknown}
 w - 2 scrolls of brand weapon {unknown}
 A - 4 scrolls of blinking {unknown}
 B - a scroll of magic mapping {unknown}
 C - a scroll of amnesia {unknown}
 F - a scroll of silence {unknown}
Potions
 g - 2 potions of degeneration {unknown}
 h - 3 potions of curing {unknown}
 l - 2 potions of mutation {unknown}
 m - 2 potions of attraction {unknown}
 o - 3 potions of magic {unknown}
 p - 2 potions of might {unknown}
 s - a potion of lignification {unknown}
 v - 2 potions of flight {unknown}
 z - 2 potions of ambrosia {unknown}
 D - 2 potions of invisibility {unknown}
 E - 2 potions of heal wounds {unknown}
 G - a potion of resistance {unknown}


   Skills:
 * Level 4.3 Fighting
 + Level 3.9 Dodging
 + Level 1.2 Stealth
 * Level 9.9 Unarmed Combat


You had 7 spell levels left.
You didn't know any spells.
Your spell library was empty.

Dungeon Overview and Level Annotations

Branches:
Dungeon (7/15)             Temple (0/1) D:4         Ossuary (visited)

Altars:

Annotations:
D:7 Pikel


Innate Abilities, Weirdness & Mutations

You are too large for most types of armour.
You have claws for hands.
Your natural rate of healing is unusually fast.
You are covered in fur. (AC +1)
You have tough skin. (AC +1)


Message History

The lemure shouts!
Pikel shouts!
The lemure shouts!
You hear a shout!
A lemure comes into view.
Pikel zaps a wand.
The bolt of acid hits you. The acid corrodes you!
You are splashed with acid!
Pikel zaps a wand.
The bolt of acid hits you!
You are splashed with acid!
Found 24 stones.
You are too injured to fight recklessly!
You are too injured to fight recklessly!
You are too injured to fight recklessly!
You are too injured to fight recklessly!
You are too injured to fight recklessly!
You are too injured to fight recklessly!
You are too injured to fight recklessly!
You are too injured to fight recklessly!
You are too injured to fight recklessly!
You are too injured to fight recklessly!
You are too injured to fight recklessly!
You are too injured to fight recklessly!
You are too injured to fight recklessly!
You are too injured to fight recklessly!
You are too injured to fight recklessly!
Unknown command.
The lemure hits you. The lemure barely misses you.
You closely miss Pikel. The lemure barely misses you. The lemure misses you.
A red film seems to cover your vision as you go berserk!
You feel yourself moving faster!
You feel mighty! The lemure hits you!
Pikel says, "You'll make a fine lemure."
Pikel hits you with a +0 whip of flaming!
* * * LOW HITPOINT WARNING * * *
Pikel burns you.
* * * LOW HITPOINT WARNING * * *
The lemure hits you.
* * * LOW HITPOINT WARNING * * *
The lemure closely misses you.
You mangle Pikel!! Your claw misses Pikel.
Pikel is heavily wounded.
The lemure misses you. x2; Pikel zaps a wand.
The bolt of acid hits you!!
* * * LOW HITPOINT WARNING * * *
The acid corrodes you!
You are splashed with acid!
You die...

.#########.#
.........#.#
########.#.###
########...<.#
.......).....+
##########.###
#........#
+....5...#
#....@5..#
#...K55..#
#........#
#........#
#........#
#........#
#...(....#
#........#


You could see Pikel and 4 lemures.

Vanquished Creatures
  Grinder (D:3)
  Sigmund (D:3)
  An ice beast (D:6)
  2 ogres (D:5)
  A phantom (D:4)
  2 bullfrogs (D:6)
  A scorpion (D:4)
  A water moccasin zombie (D:4)
  A wyvern zombie (D:6)
  2 jellies
  3 hounds
  A bullfrog zombie (D:5)
  Jessica (D:2)
  2 iguanas
  Ijyb (D:3)
  An orc wizard (D:6)
  A scorpion zombie (D:5)
  A hound skeleton (D:4)
  13 mummies (Ossuary)
  Robin (D:4)
  4 gnolls (D:4)
  7 adders
  A white imp (D:5)
  An ufetubus (D:5)
  An adder skeleton (D:5)
  A worm (D:4)
  2 dart slugs
  9 orcs
  14 ball pythons
  4 bats
  3 endoplasms
  3 giant cockroaches
  14 goblins
  7 hobgoblins
  10 jackals
  9 kobolds
  3 quokkas
  2 frilled lizards
  4 gnoll skeletons (Ossuary)
  3 kobold skeletons (Ossuary)
  An orc skeleton (Ossuary)
  5 rats
  11 rat skeletons (Ossuary)
  2 rat zombies (D:6)
159 creatures vanquished.

Notes
Turn   | Place    | Note
-------+----------+-------------------------------------------
     0 | D:1      | robertstho the Troll Berserker began the quest for the Orb.
     0 | D:1      | Reached XP level 1. HP: 22/22 MP: 0/0
   185 | D:1      | Reached XP level 2. HP: 24/29 MP: 1/1
   372 | D:1      | Found a faded altar of an unknown god.
   510 | D:2      | Reached XP level 3. HP: 36/36 MP: 2/2
   922 | D:2      | Noticed Jessica
   928 | D:2      | Killed Jessica
   929 | D:2      | Reached skill level 4 in Unarmed Combat
   929 | D:2      | Reached XP level 4. HP: 40/45 MP: 3/3
  1230 | D:3      | Reached ** piety under Trog
  1400 | D:3      | Noticed Grinder
  1418 | D:3      | Paralysed by Grinder for 7 turns
  1433 | D:3      | Killed Grinder
  1434 | D:3      | Reached skill level 5 in Unarmed Combat
  1434 | D:3      | Reached XP level 5. HP: 19/53 MP: 4/4
  1434 | D:3      | Reached XP level 6. HP: 22/61 MP: 5/5
  1532 | D:3      | Noticed Sigmund
  1540 | D:3      | Killed Sigmund
  1541 | D:3      | Reached skill level 6 in Unarmed Combat
  1831 | D:3      | Noticed Ijyb
  1839 | D:3      | Killed Ijyb
  1908 | D:4      | Reached XP level 7. HP: 56/67 MP: 6/6
  2084 | D:4      | Reached skill level 7 in Unarmed Combat
  2233 | D:4      | Found a staircase to the Ecumenical Temple.
  2256 | D:4      | Reached *** piety under Trog
  2325 | D:4      | Noticed Robin
  2337 | D:4      | Killed Robin
  2812 | D:5      | Entered Level 5 of the Dungeon
  2845 | D:5      | Reached skill level 8 in Unarmed Combat
  2872 | D:5      | Reached XP level 8. HP: 53/78 MP: 7/7
  3003 | D:5      | Reached **** piety under Trog
  3328 | D:6      | Found a sand-covered staircase.
  3336 | Ossuary  | Entered an ossuary
  3470 | Ossuary  | Reached skill level 1 in Stealth
  3528 | Ossuary  | Reached skill level 9 in Unarmed Combat
  3756 | D:6      | Reached ***** piety under Trog
  3761 | D:6      | Identified the +7 leather armour "Fueph" {rN+ SInv}
  3993 | D:7      | Noticed Pikel
  4000 | D:7      | HP: 5/118 [Pikel/bolt of acid (22)]
  4000 | D:7      | Splashed by Pikel's acid

Illustrated notes

Levels and vault maps discovered:
D:1:      dpeg_arrival_radiant, layout_basic, basic_ecumenical_altar
D:2:      minmay_general_purpose_star, layout_basic, minmay_pentomino_u2,
          uniq_jessica
D:3:      layout_loops_cross, uniq_grinder, uniq_ijyb, uniq_sigmund
D:4:      layout_basic, minmay_temple_entry_drinking_statues,
          minmay_snake_closets, uniq_crazy_yiuf_cottage, uniq_robin
D:5:      layout_rooms
D:6:      layout_rooms, enter_ossuary_4, serial_bayou_pond_a
D:7:      layout_basic, serial_shops, shop, bh_walls_and_bars, uniq_duvessa,
          uniq_maggie, uniq_pikel

Skill      XL: |  1  2  3  4  5  6  7  8 |
---------------+-------------------------+-----
Fighting       | 3 4 |  4.3
Unarmed Combat | 4 5 6 8 9 |  9.9
Dodging        | 3 |  3.9
Stealth        | 1 |  1.2

Action                   |  1- 3 |  4- 6 |  7- 9 || total
-------------------------+-------+-------+-------++-------
Melee: Unarmed           |    83 |    59 |   233 ||   375
       Punch             |     1 |       |     9 ||    10
Invok: Berserk           |       |     3 |     3 ||     6
 Stab: Sleeping          |       |       |     7 ||     7
Armor: Animal skin       |    14 |    17 |    33 ||    64
Dodge: Dodged            |    40 |    18 |   136 ||   194

Table legend: (Time is in decaauts)
 A = Elapsed time spent in this place.
 B = Non-inter-level travel time spent in this place.
 C = Inter-level travel time spent in this place.
 D = Time resting spent in this place.
 E = Time spent auto-exploring this place.
 F = Levels seen in this place.
 G = Mean time per level.
                   A        B        C        D        E       F      G
               +--------+--------+--------+--------+--------+-----+--------+
         Total |   3993 |   3884 |    109 |     51 |   3064 |   8 |  499.1 |
       Dungeon |   3706 |   3597 |    109 |     51 |   2892 |   7 |  529.4 |
       Ossuary |    287 |    287 |      0 |      0 |    172 |   1 |  287.0 |
               +--------+--------+--------+--------+--------+-----+--------+

Top non-repeatable levels by time:
     D:4: 939 daAuts
     D:2: 724 daAuts
     D:3: 697 daAuts
     D:5: 490 daAuts
     D:1: 465 daAuts
     D:6: 369 daAuts
 Ossuary: 287 daAuts
     D:7: 18 daAuts
